 Dungeon Crawl Stone Soup version 0.28.0 (webtiles) character file.

Game seed: 4160478043308128474

40 browni3141 the Chopper (level 3, 0/49 HPs)
             Began as a Minotaur Berserker on Feb 11, 2022.
             Was a Follower of Trog.
             Slain by an ufetubus (5 damage)
             ... on level 2 of the Dungeon.
             The game lasted 00:00:44 (1211 turns).

browni3141 the Chopper (Minotaur Berserker)         Turns: 1211, Time: 00:00:44

Health: 0/49       AC:  2    Str: 21    XL:     3   Next: 30%
Magic:  2/2        EV: 12    Int:  4    God:    Trog [*.....]
Gold:   13         SH:  0    Dex: 11    Spells: 2/2 levels left

rFire   . . .      SeeInvis .   a - +0 hand axe
rCold   + . .      Faith    .   (no shield)
rNeg    . . .      Spirit   .   b - +0 animal skin
rPois   .          Reflect  .   (helmet restricted)
rElec   .          Harm     .   c - scarf {shadows}
rCorr   .          Rampage  .   (no gloves)
Will    .....                   (no boots)
Stlth   ..........              (no amulet)
HPRegen 0.16/turn               f - ring of protection from cold
MPRegen 0.08/turn               (no ring)

@: berserking, slow
A: horns 2, retaliatory headbutt
a: Renounce Religion, Berserk


You were on level 2 of the Dungeon.
You worshipped Trog.
Trog was aware of your devotion.
You visited 1 branch of the dungeon, and saw 2 of its levels.

You collected 13 gold pieces.

Inventory:

Hand Weapons
 a - a +0 hand axe (weapon)
Armour
 b - a +0 animal skin (worn)
 c - a scarf of shadows (worn)
Jewellery
 f - a ring of protection from cold (left hand)
Wands
 g - a wand of acid (9)
Potions
 d - a potion of might {unknown}
 e - a potion of curing {unknown}


   Skills:
 + Level 4.1 Fighting
 + Level 4.1 Axes
 + Level 3.1 Armour
 + Level 2.7 Dodging


You had 2 spell levels left.
You didn't know any spells.
Your spell library was empty.

Dungeon Overview and Level Annotations

Branches:
Dungeon (2/15)

Altars:


Innate Abilities, Weirdness & Mutations

You have a pair of horns on your head.
You reflexively headbutt those who attack you in melee.


Message History

The kobold is moderately wounded.
You hit the plant.
The plant begins to die.
You hit the hobgoblin but do no damage. The hobgoblin hits you.
The ufetubus splashes around in the water.
The ufetubus hits you. The kobold barely misses you.
The ufetubus barely misses you. You furiously retaliate!
You headbutt the ufetubus.
The ufetubus splashes around in the water.
The hobgoblin hits you. The ufetubus hits you. x2
The kobold hits you but does no damage. The hobgoblin hits you.
You closely miss the ufetubus. Your headbutt misses the ufetubus.
The ufetubus is severely wounded.
You hit the endoplasm. You closely miss the kobold.
You hit the hobgoblin but do no damage. The ufetubus hits you.
The ufetubus splashes around in the water.
The endoplasm splashes around in the water.
The kobold hits you but does no damage. The hobgoblin hits you.
The ufetubus misses you. The ufetubus hits you.
Your unstable footing causes you to fumble your attack.
A nearby plant withers and dies.
The endoplasm misses you. The ufetubus closely misses you.
The ufetubus hits you. The kobold hits you but does no damage.
The hobgoblin hits you.
* * * LOW HITPOINT WARNING * * *
The endoplasm closely misses you. You furiously retaliate!
You headbutt the endoplasm.
You are too injured to fight recklessly!
Unknown command.
A red film seems to cover your vision as you go berserk!
You feel yourself moving faster!
You feel mighty! The ufetubus closely misses you. The ufetubus hits you.
* * * LOW HITPOINT WARNING * * *
The kobold hits you with a +0 club.
* * * LOW HITPOINT WARNING * * *
The ufetubus splashes around in the water.
The ufetubus closely misses you. The hobgoblin hits you.
* * * LOW HITPOINT WARNING * * *
The endoplasm barely misses you.
Your unstable footing causes you to fumble your attack.
The ufetubus hits you.
You die...

#♣≈≈..≈≈♣≈#
#........
♣♣♣≈≈≈...≈PP♣
#.......#
♣≈≈≈P≈.†.≈≈P≈♣
#####...#
≈≈≈≈P≈....≈≈P♣
##...
♣≈≈P≈≈≈...≈≈≈♣
##..
♣≈P≈≈≈♣)..≈≈≈♣
###
♣≈≈≈≈P≈...≈≈≈♣
≈P≈≈≈≈≈≈..≈≈≈♣
≈≈≈≈≈K@g.P≈♣♣
#P≈≈≈J5...≈≈#
#♣≈≈≈≈≈...♣##
♣≈≈≈≈≈...#
♣♣≈P≈≈...#
♣≈≈≈≈..##
≈P≈≈♣#.#


You could see an ufetubus, an endoplasm, a hobgoblin and a kobold.

Vanquished Creatures
  A worm (D:2)
  An orc (D:2)
  4 bats
  3 endoplasms
  5 goblins
  2 hobgoblins (D:1)
  5 jackals
  2 quokkas (D:1)
  A ball python (D:1)
  3 frilled lizards
  2 kobolds (D:1)
  2 rats (D:1)
31 creatures vanquished.

Vanquished Creatures (others)
  2 plants
2 creatures vanquished.

Grand Total: 33 creatures vanquished

Notes
Turn   | Place    | Note
-------+----------+-------------------------------------------
     0 | D:1      | browni3141 the Minotaur Berserker began the quest for the
                  | Orb.
     0 | D:1      | Reached XP level 1. HP: 19/19 MP: 0/0
   473 | D:1      | Reached XP level 2. HP: 27/27 MP: 1/1
   533 | D:1      | Found a faded altar of an unknown god.
  1073 | D:2      | Reached XP level 3. HP: 33/33 MP: 2/2
  1211 | D:2      | Slain by an ufetubus

Illustrated notes

Levels and vault maps discovered:
D:1:      nzn_arrival_water_spiral, layout_basic,
          shapermc_ecumenical_altar_starsandcircs, serial_bayou_crossing
D:2:      layout_basic, serial_bayou_ford_a, palyth_stone_intersect

Skill      XL: |  1  2 |
---------------+-------+-----
Fighting       | 4 |  4.1
Axes           | 4 |  4.1
Armour         | 3 |  3.1
Dodging        | |  2.7

Action                   || total
-------------------------++-------
Melee: Hand axe          ||    56
       Headbutt          ||    11
Invok: Berserk           ||     1
Armor: Animal skin       ||    12
Dodge: Dodged            ||    54
